 Dungeon Crawl Stone Soup version 0.28-a0-1638-g9123634e07 (webtiles) character file.

Game seed: 15768373201760999399

1500 porpoise the Skirmisher (level 9, -2/67 HPs)
             Began as a Djinni Conjurer on Jan 26, 2022.
             Was an Initiate of Ashenzari.
             Slain by an air elemental (11 damage)
             ... on level 1 of the Abyss.
             The game lasted 00:23:48 (7702 turns).

porpoise the Skirmisher (Djinni Conjurer)           Turns: 7702, Time: 00:23:49

Health: -2/67      AC:  7    Str:  8    XL:     9   Next: 8%
Gold:   220        EV: 12    Int: 23    God:    Ashenzari [......] SH:  0 Dex: 11

rFire   + + .      SeeInvis .   b - +0 hunting sling
rCold   x . .      Faith    .   (no shield)
rNeg    . . .      Spirit   .   h - +0 robe
rPois   ∞          Reflect  .   y - +2 hat
rElec   .          Harm     .   B - +1 cloak
rCorr   .          Rampage  .   p - +0 pair of gloves
Will    .....                   (boots unavailable)
Stlth   +++.......              (no amulet)
HPRegen 0.21/turn               (no ring)
MPRegen 0.00/turn               (no ring)

@: flying
A: sickness immunity, fire resistance 2, cold vulnerability 1, float, innate
caster, hp casting, extra vitality 1
a: Renounce Religion, Curse Item


You were on level 1 of the Abyss.
You worshipped Ashenzari.
Ashenzari was noncommittal.
You visited 2 branches of the dungeon, and saw 8 of its levels.
You visited the Abyss 1 time.
You also visited: Sewer.

You collected 220 gold pieces.

Inventory:

Hand Weapons
 a - a +2 hand axe of flaming
 b - a +0 hunting sling (weapon)
 e - a +0 falchion of draining
 w - a +0 spear of venom
 x - a +0 short sword of freezing
Missiles
 j - 103 stones (quivered ammo)
 k - 5 boomerangs
 q - a curare-tipped dart
 s - 24 sling bullets
 t - 17 bolts
 u - 22 arrows
 v - 29 poisoned darts
Armour
 h - a +0 robe (worn)
 p - a +0 pair of gloves (worn)
 y - a +2 hat (worn)
 B - a +1 cloak (worn)
Magical Staves
 l - a staff of cold
Scrolls
 d - a scroll of enchant weapon {unknown}
 i - a scroll of silence {unknown}
 m - 2 scrolls of immolation
 z - a scroll of vulnerability {unknown}
 A - a scroll of magic mapping {unknown}
 D - a scroll of enchant armour
 F - a scroll of identify
Potions
 c - a potion of cancellation
 f - 4 potions of heal wounds
 g - 2 potions of curing
 n - a potion of ambrosia
 o - a potion of attraction
 r - a potion of haste
 C - a potion of might
 E - a potion of brilliance


   Skills:
 * Level 6.6 Fighting
 - Level 2.1 Dodging
 + Level 4.6 Stealth
 * Level 6.1 Spellcasting


You couldn't memorise any spells.
You knew the following spells:

 Your Spells              Type           Power      Damage    Failure   Level
a - Magic Dart            Conj           100%       1d8       1%          1
b - Searing Ray           Conj           70%        2d7       1%          2
c - Fulminant Prism       Conj/Hex       17%        3d11      7%          4
d - Iskenderun's Mystic   Conj/Tloc      35%        2d8       7%          4
f - Foxfire               Conj/Fire      100%       2x1d9     1%          1
j - Conjure Flame         Conj/Fire      35%        6-21      1%          3
n - Call Canine Familiar  Summ           35%        N/A       1%          3
r - Corpse Rot            Necr/Air       70%        N/A       1%          2
z - Dazzling Flash        Conj/Hex       70%        N/A       1%          3
Your spell library was empty.

Dungeon Overview and Level Annotations

Branches:
Dungeon (7/15)             Temple (1/1) D:4           Sewer (visited)

Altars:
Ashenzari
Cheibriados
Elyvilon
Fedhas
Gozag
Hepliaklqana
Kikubaaqudgha
Makhleb
Qazlal
Sif Muna
Trog
Uskayaw
Vehumet
Wu Jian
Xom
Zin

Annotations:
D:4 Dig
D:5 Duvessa


Innate Abilities, Weirdness & Mutations

You are immune to sickness and miasma.
You are immune to poison.
Your flesh is very heat resistant. (rF++)
You are vulnerable to cold. (rC-)
You float through the air rather than walking.
You learn spells naturally, not from books.
Your magical power is your life essence.
You have superior vitality. (+4 MHP)


Message History

Press: ? - help, Shift-Dir - straight line, f - ufetubus
Aim: an ufetubus (68% to hit)
The searing ray hits the ufetubus.
The ufetubus is severely wounded. (Press . to maintain the ray.)
The ufetubus closely misses you. The ufetubus hits you.
The searing ray misses the ufetubus.
The ufetubus hits you but does no damage. x3
The ufetubus barely misses you.
The searing ray misses the ufetubus.
The ufetubus misses you. The ufetubus barely misses you.
The searing ray hits the ufetubus.
You kill the ufetubus!
That felt strangely unrewarding.
You finish channelling your searing ray.
Found a gateway leading deeper into the Abyss.
Found a gateway leading deeper into the Abyss.
A large abomination comes into view.
A small abomination comes into view.
You shoot a stone. The stone misses the air elemental.
The air elemental fires a burst of electricity at you.
The stunning burst hits you.
You suddenly lose the ability to move!
The air elemental hits you.
You can move again.
Found a corrupted altar of Lugonu.
The air elemental hits you but does no damage.
The air elemental hits you!
The air elemental completely misses you.
The air elemental hits you.
* * * LOW HITPOINT WARNING * * *
The air elemental closely misses you.
The air elemental hits you but does no damage.
The air elemental fires a burst of electricity at you.
The stunning burst hits you.
You suddenly lose the ability to move!
* * * LOW HITPOINT WARNING * * *
You can move again.
The air elemental hits you.
* * * LOW HITPOINT WARNING * * *
The air elemental barely misses you. The air elemental hits you!
You die...

#...x..x............
..#.....#.....#.....#
##...###...###. .#... #
##.# ##.## ##.### #
##...###.x.###...# #.
.#.>...#.....#..... . #
................. ...# ##.
###.####.E..#####.###.#..#
#.@.._...#.# # ..
####.#.#...#. # ...# ###..
.# . .#... # # ##.. #.. .
# . .v.# . # .## # ..


You could see an air elemental and a small abomination.

Vanquished Creatures
  Sigmund (D:5)
  Edmund (D:5)
  A necrophage (D:7)
  An ogre (D:4)
  A phantom (D:5)
  4 kobold brigands (Sewer)
  2 hounds
  2 centaur zombies
  An iron imp (D:6)
  2 orc priests
  2 centaur skeletons
  Terence (D:3)
  3 orc wizards
  5 adders
  7 gnolls
  5 river rats (Sewer)
  2 shadow imps
  An ufetubus (Abyss:1)
  An adder skeleton (D:4)
  3 worms (Sewer)
  2 dart slugs (D:3)
  21 orcs
  9 ball pythons
  4 bats
  7 endoplasms
  3 giant cockroaches
  8 goblins
  7 hobgoblins
  14 jackals
  11 kobolds
  3 quokkas
  2 frilled lizards (D:3)
  4 rats
141 creatures vanquished.

Vanquished Creatures (others)
  A fulminant prism (D:5)
1 creature vanquished.

Grand Total: 142 creatures vanquished

Notes
Turn   | Place    | Note
-------+----------+-------------------------------------------
     0 | D:1      | porpoise the Djinni Conjurer began the quest for the Orb.
     0 | D:1      | Reached XP level 1. HP: 15/15 MP: 0/0
   106 | D:1      | Reached XP level 2. HP: 13/22 MP: 0/0
   284 | D:1      | Reached skill level 1 in Fighting
   508 | D:1      | Reached XP level 3. HP: 19/27 MP: 0/0
   508 | D:1      | Learned a level 1 spell: Foxfire
   635 | D:1      | Found a faded altar of an unknown god.
  1721 | D:2      | Reached XP level 4. HP: 32/33 MP: 0/0
  2433 | D:3      | Reached XP level 5. HP: 16/39 MP: 0/0
  2433 | D:3      | Learned a level 2 spell: Corpse Rot
  2569 | D:3      | Noticed Terence
  2795 | D:3      | Killed Terence
  3257 | D:3      | Reached XP level 6. HP: 43/46 MP: 0/0
  3717 | D:4      | Found a staircase to the Ecumenical Temple.
  3741 | Temple   | Entered the Ecumenical Temple
  3966 | Temple   | Became a worshipper of Ashenzari the Shackled
  4289 | D:4      | Found a shimmering altar of Xom.
  4381 | D:4      | Noticed an ogre
  4388 | D:4      | Killed an ogre
  4389 | D:4      | Reached XP level 7. HP: 27/52 MP: 0/0
  4389 | D:4      | Learned a level 3 spell: Conjure Flame
  4986 | D:4      | Found a glowing silver altar of Zin.
  5139 | D:5      | Entered Level 5 of the Dungeon
  5160 | D:5      | Noticed Edmund
  5173 | D:5      | Killed Edmund
  5191 | D:5      | Reached skill level 5 in Spellcasting
  5475 | D:5      | Reached skill level 5 in Fighting
  5475 | D:5      | Reached XP level 8. HP: 46/59 MP: 0/0
  5506 | D:5      | Noticed Duvessa
  5621 | D:5      | Noticed Sigmund
  5632 | D:5      | Killed Sigmund
  5765 | D:5      | You are sucked into a shaft and drop 2 floors!
  5833 | D:7      | Found an opulent altar of Gozag.
  6138 | D:6      | Found a burning altar of Makhleb.
  6273 | D:6      | Found a glowing drain.
  6288 | Sewer    | Entered a sewer
  7162 | Sewer    | Reached XP level 9. HP: 48/67 MP: 0/0
  7162 | Sewer    | Learned a level 3 spell: Call Canine Familiar
  7602 | D:6      | Cast into level 1 of the Abyss (orc)
  7630 | Abyss:1  | Noticed a smoke demon
  7658 | Abyss:1  | Noticed a starcursed mass
  7668 | Abyss:1  | Noticed a will-o-the-wisp
  7692 | Abyss:1  | Noticed a large abomination
  7695 | Abyss:1  | Paralysed by an air elemental for 1 turns
  7696 | Abyss:1  | Found a corrupted altar of Lugonu.
  7700 | Abyss:1  | Paralysed by an air elemental for 1 turns
  7702 | Abyss:1  | Slain by an air elemental

Illustrated notes

Levels and vault maps discovered:
D:1:      nzn_arrival_water_spiral, layout_basic, basic_ecumenical_altar
D:2:      layout_rooms, grunt_decor_mini_mirrors, minmay_unequal
D:3:      layout_basic, mainiacjoe_overflow_cross_hatched,
          hangedman_abyss_or_decor_stabs, wad_orctagon, uniq_terence
D:4:      layout_loops_ring, xom_teletrap_fun, zin_scriptorium,
          minmay_temple_entry_water_ring, roderic_serpentine_path
D:5:      layout_basic, okawaru_altar_gauntlet_db, uniq_sigmund, uniq_duvessa,
          uniq_edmund
D:6:      layout_basic, makhleb_grotto_becter, cheibrodos_sewer_entry_drain,
          hangedman_decor_growths
D:7:      layout_rooms, grunt_gozag_breadcrumbs, grunt_dithmenos_smoke,
          nemelex_diamond_rough_becter, enter_bailey_5
Temple:   minmay_temple_curvy_loop
Abyss:1:  base:
D:2

Skill      XL: |  1  2  3  4  5  6  7  8 |
---------------+-------------------------+-----
Fighting       | 1 2 3 4 5 6 |  6.6
Stealth        | 2 3 4 |  4.6
Spellcasting   | 4 5 6 |  6.1
Dodging        | |  2.1

Action                   |  1- 3 |  4- 6 |  7- 9 || total
-------------------------+-------+-------+-------++-------
Melee: Spear             |       |     5 |     4 ||     9
 Fire: Hunting sling     |     6 |    22 |   106 ||   134
 Cast: Magic Dart        |    58 |     4 |       ||    62
       Searing Ray       |     2 |    30 |    54 ||    86
       Dazzling Flash    |       |     1 |     1 ||     2
       Fulminant Prism   |       |       |     1 ||     1
  Use: Scroll            |       |     7 |    10 ||    17
       Potion            |       |     1 |       ||     1
 Stab: Sleeping          |       |     1 |       ||     1
Armor: Robe              |       |     7 |    21 ||    28
Dodge: Dodged            |     4 |    26 |    46 ||    76

Table legend: (Time is in decaauts)
 A = Elapsed time spent in this place.
 B = Non-inter-level travel time spent in this place.
 C = Inter-level travel time spent in this place.
 D = Time resting spent in this place.
 E = Time spent auto-exploring this place.
 F = Levels seen in this place.
 G = Mean time per level.
                   A        B        C        D        E       F      G
               +--------+--------+--------+--------+--------+-----+--------+
         Total |   7724 |   7572 |    152 |   3284 |   2964 |  10 |  772.4 |
       Dungeon |   6190 |   6089 |    101 |   2886 |   2318 |   7 |  884.3 |
        Temple |    242 |    191 |     51 |      0 |    184 |   1 |  242.0 |
         Abyss |    100 |    100 |      0 |      0 |     29 |   1 |  100.0 |
         Sewer |   1191 |   1191 |      0 |    398 |    433 |   1 | 1191.0 |
               +--------+--------+--------+--------+--------+-----+--------+

Top non-repeatable levels by time:
     D:3: 1561 daAuts
     D:4: 1402 daAuts
   Sewer: 1191 daAuts
     D:1: 1115 daAuts
     D:2: 878 daAuts
     D:5: 567 daAuts
     D:6: 541 daAuts
  Temple: 242 daAuts
     D:7: 123 daAuts
 Abyss:1: 100 daAuts
